 Dungeon Crawl Stone Soup version 0.28.0-47-ge53b351184 (webtiles) character file.

Game seed: 3286911988016565098

3290 Kaptain the Geomancer (level 10, 0/60 HPs)
             Began as a Gargoyle Earth Elementalist on Apr 26, 2022.
             Slain by an eight-headed hydra (9 damage)
             ... on level 7 of the Dungeon.
             The game lasted 00:11:59 (7246 turns).

Kaptain the Geomancer (Gargoyle Earth Elementalist) Turns: 7246, Time: 00:12:00

Health: 0/60       AC: 12    Str: 19    XL:     10   Next: 1%
Magic:  3/18       EV: 11    Int: 19    God:
Gold:   345        SH:  0    Dex: 10    Spells: 16/20 levels left

rFire   . . .      SeeInvis +   L - +2 long sword (flame)
rCold   . . .      Faith    .   (no shield)
rNeg    + . .      Spirit   .   z - +0 troll leather armour
rPois   ∞          Reflect  .   (no helmet)
rElec   +          Harm     .   (no cloak)
rCorr   .          Rampage  .   (no gloves)
Will    .....                   (no boots)
Stlth   ++........              (no amulet)
HPRegen 1.00/turn               n - ring of see invisible
MPRegen 0.16/turn               y - +6 ring of strength

@: no status effects
A: sickness immunity, AC +7, negative energy resistance 1, electricity
resistance, torment resistance 1, petrification resistance
a: no special abilities


You were on level 7 of the Dungeon.
You visited 2 branches of the dungeon, and saw 8 of its levels.

You collected 345 gold pieces.

Inventory:

Hand Weapons
 g - a +2 flail of venom
 s - a +0 trident
 t - a +0 hand crossbow
 L - a +2 long sword of flaming (weapon)
Missiles
 c - 144 stones
 m - 5 javelins
 u - 21 bolts
 G - a throwing net
Armour
 l - a +0 buckler
 z - a +0 troll leather armour (worn)
 M - +0 swamp dragon scales
Magical Staves
 C - a staff of death
Jewellery
 n - a ring of see invisible (left hand)
 y - a +6 ring of strength (right hand)
 A - an amulet of magic regeneration
 B - a ring of resist corrosion
 I - a +4 ring of protection
Wands
 J - a wand of flame (8)
 K - a wand of mindburst (15)
Scrolls
 b - 2 scrolls of enchant armour {unknown}
 f - a scroll of fear {unknown}
 h - 2 scrolls of vulnerability {unknown}
 j - a scroll of holy word {unknown}
 o - 2 scrolls of teleportation {unknown}
 q - 2 scrolls of enchant weapon {unknown}
 r - a scroll of brand weapon {unknown}
 v - 3 scrolls of amnesia {unknown}
 w - a scroll of acquirement {unknown}
 E - 2 scrolls of magic mapping {unknown}
Potions
 e - 2 potions of flight
 i - 3 potions of heal wounds
 k - 2 potions of mutation
 p - a potion of lignification {unknown}
 x - a potion of brilliance {unknown}
 D - a potion of curing {unknown}
 F - a potion of berserk rage {unknown}
 H - 2 potions of degeneration {unknown}


   Skills:
 * Level 6.1 Fighting
 + Level 4.5 Armour
 - Level 1.8 Dodging
 - Level 5.0 Stealth
 + Level 4.1 Shields
 * Level 5.7 Spellcasting
 * Level 6.2 Conjurations
 - Level 0.7 Transmutations
 * Level 8.1 Earth Magic


You had 16 spell levels left.
You knew the following spells:

 Your Spells              Type           Power      Damage    Failure   Level
a - Sandblast             Erth           72%        2d16      1%          1
b - Stone Arrow           Conj/Erth      64%        3d11      1%          3

Your spell library contained the following spells:

 Spells                   Type           Power      Damage    Failure   Level
 Passwall                 Tmut/Erth      18%        N/A       3%          2
 Beastly Appendage        Tmut           16%        N/A       10%         1
 Summon Small Mammal      Summ           20%        N/A       13%         1
 Wereblood                Tmut           8%         N/A       16%         2
 Ensorcelled Hibernation  Hex/Ice        10%        N/A       21%         2
 Petrify                  Tmut/Erth      22%        N/A       22%         4
 Spider Form              Tmut/Pois      6%         N/A       34%         3
 Swiftness                Air            5%         N/A       36%         3
 Irradiate                Conj/Tmut      9%         3d16      65%         5
 Lightning Bolt           Conj/Air       8%         1d21      71%         5
 Airstrike                Air            2%         N/A       78%         4
 Cause Fear               Hex            2%         N/A       78%         4
 Summon Lightning Spire   Summ/Air       5%         N/A       78%         4
 Dragon Form              Tmut           4%         N/A       100%        7
 Dragon's Call            Summ           2%         N/A       100%        9
 Sublimation of Blood     Necr           Unusable   N/A       N/A         2

Dungeon Overview and Level Annotations

Branches:
Dungeon (7/15)             Temple (1/1) D:6

Altars:
Ashenzari
Cheibriados
Dithmenos
Elyvilon
Fedhas
Gozag
Hepliaklqana
Kikubaaqudgha
Makhleb
Nemelex Xobeh
Okawaru
Qazlal
Ru
Sif Muna
Trog
Uskayaw
Vehumet
Wu Jian
Xom
Yredelemnul
Zin
The Shining One

Shops:
D:3 (


Innate Abilities, Weirdness & Mutations

You are immune to sickness and miasma.
Your stone body is resilient. (AC +7)
You are immune to poison.
You resist negative energy. (rN+)
You are resistant to electric shocks. (rElec)
You are resistant to unholy torment.
You are immune to petrification.


Message History

Casting: Stone Arrow (safe; 1% risk of failure)
Confirm with . or Enter, or press ? or * to list all spells.
Aiming: Stone Arrow (safe; 1% risk of failure)
Press: ? - help, Shift-Dir - straight line, f/p - eight-headed hydra
Aim: an eight-headed hydra (moderately wounded, 91% to hit)
The stone arrow hits the eight-headed hydra!
The eight-headed hydra is heavily wounded.
The eight-headed hydra completely misses you.
The eight-headed hydra bites you but does no damage.
The eight-headed hydra bites you! The eight-headed hydra bites you.
The eight-headed hydra closely misses you.
The eight-headed hydra completely misses you. x2
The eight-headed hydra bites you but does no damage.
Casting: Stone Arrow (safe; 1% risk of failure)
Confirm with . or Enter, or press ? or * to list all spells.
Aiming: Stone Arrow (safe; 1% risk of failure)
Press: ? - help, Shift-Dir - straight line, f/p - eight-headed hydra
Aim: an eight-headed hydra (heavily wounded, 91% to hit)
The stone arrow hits the eight-headed hydra!
The eight-headed hydra is severely wounded.
The eight-headed hydra bites you but does no damage.
The eight-headed hydra bites you. The eight-headed hydra bites you!
The eight-headed hydra bites you but does no damage.
The eight-headed hydra bites you.
The eight-headed hydra barely misses you.
The eight-headed hydra bites you but does no damage. x2
Casting: Stone Arrow (safe; 1% risk of failure)
Confirm with . or Enter, or press ? or * to list all spells.
Aiming: Stone Arrow (safe; 1% risk of failure)
Press: ? - help, Shift-Dir - straight line, f/p - eight-headed hydra
Aim: an eight-headed hydra (severely wounded, 91% to hit)
The stone arrow hits the eight-headed hydra!!
The eight-headed hydra is almost dead.
The eight-headed hydra bites you but does no damage.
The eight-headed hydra bites you! x2
The eight-headed hydra barely misses you. x2
The eight-headed hydra bites you!
* * * LOW HITPOINT WARNING * * *
The eight-headed hydra bites you!
You die...

##.# .#
##.................#..
...# #
##.....................
...+
##....................#)
####
#..!..................#.
#
#.......!.............#.
#
#.....................#.
#
#....................<#.
#.....................#.
#......@................
#.....D...............##
#.......................
#.....................#.
#..........(..........#.
#...................$.#
#.....................#
##....................#


You could see an eight-headed hydra.

Vanquished Creatures
  Maggie (D:7)
  The ghost of Kenran the Insei, a novice OpFi (D:5)
  A troll (D:5)
  A wyvern (D:6)
  4 vampire mosquitoes (D:6)
  Menkaure (D:5)
  2 black bears
  A sky beast (D:6)
  2 ice beasts
  3 ogres
  Blork the orc (D:6)
  4 scorpions
  A water moccasin skeleton (D:4)
  A bullfrog zombie (D:5)
  2 jellies
  A gnoll shaman (D:4)
  5 hounds
  An orc priest (D:5)
  3 iguanas
  2 orc wizards
  A killer bee zombie (D:5)
  A howler monkey zombie (D:5)
  7 gnolls
  5 adders
  A shadow imp (D:6)
  A white imp (D:5)
  An adder skeleton (D:4)
  A worm (D:2)
  2 dart slugs
  12 orcs
  6 ball pythons
  4 bats
  7 endoplasms
  3 giant cockroaches
  9 goblins
  6 hobgoblins
  3 jackals (D:4)
  A quokka (D:1)
  4 frilled lizards
  9 kobolds
  3 rats (D:1)
125 creatures vanquished.

Vanquished Creatures (others)
  A fungus (D:1)
  15 plants
16 creatures vanquished.

Grand Total: 141 creatures vanquished

Notes
Turn   | Place    | Note
-------+----------+-------------------------------------------
     0 | D:1      | Kaptain the Gargoyle Earth Elementalist began the quest for
                  | the Orb.
     0 | D:1      | Reached XP level 1. HP: 10/10 MP: 3/3
    15 | D:1      | Found a faded altar of an unknown god.
    49 | D:1      | Got Plato's Catalogue of Companions
   192 | D:1      | Reached XP level 2. HP: 15/15 MP: 5/5
   489 | D:1      | Reached skill level 4 in Earth Magic
   895 | D:1      | Reached XP level 3. HP: 20/20 MP: 6/6
  1033 | D:2      | Reached skill level 1 in Armour
  1240 | D:2      | Reached skill level 1 in Fighting
  1240 | D:2      | Reached skill level 1 in Conjurations
  1276 | D:2      | Learned a level 3 spell: Stone Arrow
  1296 | D:2      | Reached XP level 4. HP: 25/25 MP: 4/7
  2305 | D:3      | Found Waetwaq's Weapon Shop.
  2569 | D:3      | Found a sparkling altar of Nemelex Xobeh.
  3197 | D:4      | Noticed an ogre
  3234 | D:4      | Reached XP level 5. HP: 29/29 MP: 4/9
  3347 | D:4      | Noticed an ogre
  3351 | D:4      | Killed an ogre
  3427 | D:4      | Reached skill level 1 in Shields
  3427 | D:4      | Reached skill level 5 in Earth Magic
  3427 | D:4      | Reached XP level 6. HP: 26/35 MP: 2/10
  4223 | D:5      | Entered Level 5 of the Dungeon
  4309 | D:5      | Noticed a troll
  4317 | D:5      | Killed a troll
  4318 | D:5      | Reached XP level 7. HP: 31/41 MP: 0/12
  4609 | D:5      | Reached skill level 6 in Earth Magic
  4609 | D:5      | Reached XP level 8. HP: 47/47 MP: 5/13
  4852 | D:5      | Noticed Menkaure
  4857 | D:5      | Killed Menkaure
  5213 | D:5      | Found a runed translucent door.
  5214 | D:5      | Noticed Kenran's ghost (novice OpFi)
  5265 | D:5      | Killed Kenran's ghost
  5657 | D:6      | Reached skill level 5 in Conjurations
  5657 | D:6      | Reached skill level 7 in Earth Magic
  5657 | D:6      | Reached XP level 9. HP: 47/53 MP: 9/16
  5659 | D:6      | Reached skill level 5 in Fighting
  5668 | D:6      | Reached skill level 5 in Spellcasting
  6014 | D:6      | Noticed Blork the orc
  6019 | D:6      | Killed Blork the orc
  6280 | D:6      | Reached skill level 5 in Stealth
  6465 | D:6      | Found a staircase to the Ecumenical Temple.
  6511 | Temple   | Entered the Ecumenical Temple
  7055 | D:7      | Noticed Maggie
  7063 | D:7      | Killed Maggie
  7064 | D:7      | Reached skill level 8 in Earth Magic
  7196 | D:7      | Reached XP level 10. HP: 60/60 MP: 11/18
  7239 | D:7      | Noticed an eight-headed hydra
  7246 | D:7      | Slain by an eight-headed hydra

Illustrated notes

Levels and vault maps discovered:
D:1:      minmay_arrival_semitransparent, layout_loops_ring, serial_glass,
          glass_columns_a, glass_columns_a, shapermc_ecumenical_altar_rom_forum
D:2:      layout_basic, minmay_misc_feat_four_crosses
D:3:      layout_loops_ring, old_standard_altar, serial_shops,
          nicolae_shop_window_shopping
D:4:      layout_loops_cross, nicolae_grassy_gnolls
D:5:      layout_basic, gammafunk_ghost_grave, chequers_mini_garden,
          chequers_big_river, uniq_menkaure
D:6:      layout_loops_cross, temple_statues, uniq_blork_the_orc
D:7:      layout_basic, serial_shops, nicolae_shop_stone, uniq_maggie
Temple:   dpeg_three_leaves_temple

Skill      XL: |  1  2  3  4  5  6  7  8  9 |
---------------+----------------------------+-----
Earth Magic    | 4 5 6 7 8 |  8.1
Armour         | 1 2 3 4 |  4.5
Fighting       | 1 2 3 4 6 |  6.1
Conjurations   | 1 2 3 5 6 |  6.2
Shields        | 1 2 3 4 |  4.1
Spellcasting   | 3 4 5 |  5.7
Stealth        | 3 4 5 |  5.0
Dodging        | |  1.8
Transmutations | |  0.7

Action                   |  1- 3 |  4- 6 |  7- 9 | 10-12 || total
-------------------------+-------+-------+-------+-------++-------
Melee: Unarmed           |     4 |       |       |       ||     4
       Long sword        |    20 |    10 |       |       ||    30
       Short sword       |       |    25 |       |       ||    25
       Flail             |       |     6 |    76 |       ||    82
       Punch             |       |       |     1 |       ||     1
 Cast: Sandblast         |    35 |    45 |    24 |       ||   104
       Stone Arrow       |       |    11 |    49 |     5 ||    65
  Use: Scroll            |       |     3 |     1 |       ||     4
       Potion            |       |       |     2 |       ||     2
 Stab: Sleeping          |     4 |     2 |     3 |       ||     9
       Distracted        |     1 |       |       |       ||     1
Armor: Robe              |     5 |       |       |       ||     5
       Leather armour    |     9 |    33 |       |       ||    42
       Troll leather arm |       |       |    60 |     7 ||    67
Dodge: Dodged            |    17 |    32 |    75 |     7 ||   131
